 Dungeon Crawl Stone Soup version 0.22-a0-271-gc000056 (webtiles) character file.

55 torrenera the Slasher (level 3, 0/19 HPs)
             Began as a Vine Stalker Fighter on Mar 12, 2018.
             Slain by a hobgoblin (2 damage)
             ... led by Robin
             ... on level 2 of the Dungeon.
             The game lasted 00:01:50 (1006 turns).

torrenera the Slasher (Vine Stalker Fighter)        Turns: 1006, Time: 00:01:51

Health: 0/19       AC:  6    Str: 18    XL:     3   Next: 93%
Magic:  0/4        EV:  7    Int:  8    God:
Gold:   34         SH:  9    Dex: 14    Spells: 2/2 levels left

rFire    . . .     SeeInvis .   a - +0 long sword
rCold    . . .     Gourm    .   c - +0 shield
rNeg     . . .     Faith    .   b - +0 scale mail
rPois    .         Spirit   +   (no helmet)
rElec    .         Reflect  .   (no cloak)
rCorr    .         Harm     .   (no gloves)
MR       .....                  (no boots)
Stlth    ..........             (no amulet)
HPRegen  0.06/turn              (no ring)
MPRegen  0.09/turn              (no ring)

@: no status effects
A: fangs 2, magic shield, antimagic bite, no potion heal 3, rot immunity
a: no special abilities


You were on level 2 of the Dungeon.
You were hungry.

You visited 1 branch of the dungeon, and saw 2 of its levels.

You collected 34 gold pieces.

Inventory:

Hand Weapons
 a - a +0 long sword (weapon)
Missiles
 j - 38 stones (quivered)
Armour
 b - a +0 scale mail (worn)
 c - a +0 shield (worn)
Jewellery
 k - an uncursed amulet of faith {unknown}
Scrolls
 e - a scroll of blinking {unknown}
 g - a scroll of remove curse {unknown}
 i - 2 scrolls of identify {unknown}
 m - a scroll of enchant weapon {unknown}
 n - 2 scrolls of teleportation {unknown}
Potions
 d - 2 potions of might
 h - a potion of curing {unknown}
 l - a potion of lignification {unknown}
Comestibles
 f - 3 rations
 o - 8 chunks of flesh


   Skills:
 - Level 2.6 Fighting
 + Level 3.7 Long Blades
 - Level 2.4 Armour
 - Level 2.6 Shields


You had 2 spell levels left.
You didn't know any spells.

Dungeon Overview and Level Annotations

Branches:
Dungeon (2/15)

Altars:
Cheibriados
Uskayaw
Vehumet
Wu Jian

Annotations:
D:2 Robin


Innate Abilities, Weirdness & Mutations

You have extremely sharp teeth.
When hurt, damage is shared between your health and your magic reserves.
Your bite disrupts and absorbs the magic of your enemies.
Potions cannot restore your health.
You are immune to rotting.


Message History

Robin roars a battlecry!
The goblins go into a battle-frenzy!
Robin says, "My army is invincible!"
Robin throws the goblin at you! The goblin hits you but does no damage.
You hit the hobgoblin but do no damage.
You bite the hobgoblin, but do no damage.
You block the hobgoblin's attack. The goblin closely misses you.
You miss the goblin. The hobgoblin barely misses you.
You block the goblin's attack.
You closely miss the goblin. Your bite misses the goblin.
You block the hobgoblin's attack. You block the goblin's attack.
Robin hits you from afar with a spear.
* * * LOW HITPOINT WARNING * * *
You block the hobgoblin's attack. The goblin hits you.
* * * LOW HITPOINT WARNING * * *
Your shield and scale mail prevent you from hitting the goblin.
Robin hits you but does no damage. You block the hobgoblin's attack.
You block the goblin's attack.
You closely miss the goblin. You block Robin's attack. The hobgoblin hits you.
You die...

... #.# #)#
#.##.##...
###.##)# #)#
#.#.....##
##......###.#
#...._..#
#..........(#
#..._8_.##
#..####.#####
#...._.... #.
#.#
#.......##
#g# #.#######
#g# #.# #@#
#.# #g# #.#
#.# #.# ..#
#.# ..# #.#
...# #.# #.##
..


You could see Robin, a hobgoblin and a goblin.

Vanquished Creatures
  An adder (D:2)
  2 oozes (D:1)
  2 dart slugs (D:1)
  2 giant cockroaches (D:1)
  4 goblins (D:2)
  7 hobgoblins
  3 bats
  2 frilled lizards (D:1)
  3 kobolds (D:1)
  8 rats
34 creatures vanquished.

Notes
Turn   | Place    | Note
-------+----------+-------------------------------------------
     0 | D:1      | torrenera the Vine Stalker Fighter began the quest for the Orb.
     0 | D:1      | Reached XP level 1. HP: 11/11 MP: 2/2
    18 | D:1      | Reached skill level 2 in Long Blades
    66 | D:1      | Reached XP level 2. HP: 16/16 MP: 3/3
   348 | D:1      | Reached skill level 3 in Long Blades
   549 | D:1      | Reached XP level 3. HP: 19/19 MP: 4/4
   890 | D:2      | Found a hide-covered altar of Uskayaw.
   891 | D:2      | Found a radiant altar of Vehumet.
   892 | D:2      | Found an ornate altar of the Wu Jian Council.
   896 | D:2      | Found a snail-covered altar of Cheibriados.
   982 | D:2      | Noticed Robin
  1006 | D:2      | Slain by a hobgoblin

Vault maps used:
D:1:      co_arrival_two_rings, minmay_hedge_maze, serial_bayou_lake_a
D:2:      chequers_temple_overflow_statue_of_worship,
          nemelex_xobeh_ov_fountains_minmay, first_ration, minmay_pentomino_u4,
          uniq_robin

Skill      XL: |  1  2 |
---------------+-------+-----
Long Blades    | 2 3 |  3.7
Fighting       | |  2.6
Armour         | |  2.4
Shields        | |  2.6

Action                   || total
-------------------------++-------
Melee: Long sword        ||    92
       Bite              ||    18
Armor: Scale mail        ||    48
Dodge: Dodged            ||    37
Block: Shield            ||    51
       Rpst.: Long sword ||     8

Table legend:
 A = Spawn XP
 B = Non-spawn XP
 C = Spawn XP percentage of total XP
 D = Spawn monster count
 E = Non-spawn monster count
 F = Spawn count percentage of total count
 G = Total turns spent on level
                    A         B        C        D         E        F      G
               +---------+---------+-------+---------+---------+-------+---------
         Total |       0 |      79 |   0.0 |       0 |      34 |   0.0 |  1006
               +---------+---------+-------+---------+---------+-------+---------
           D:1 |       0 |      44 |   0.0 |       0 |      21 |   0.0 |   830
           D:2 |       0 |      35 |   0.0 |       0 |      13 |   0.0 |   176
               +---------+---------+-------+---------+---------+-------+---------
